 Dungeon Sprint DCSS version 0.24.1-14-gf8d2b509d9 (webtiles) character file.

Game seed: 1769078444095581934, levelgen mode: deterministic

1225 Baz the Zephyrmancer (level 8, -2/49 HPs)
             Began as a Tengu Air Elementalist on Oct 5, 2020.
             Was a Priest of Vehumet.
             Slain by a killer bee (3 damage)
             ... in the Dungeon (Sprint IV: "Fedhas' Mad Dash").
             The game lasted 00:04:35 (1808 turns).

Baz the Zephyrmancer (Tengu Air Elementalist)       Turns: 1808, Time: 00:04:35

Health: -2/49      AC:  2    Str:  8    XL:     8   Next: 47%
Magic:  7/23       EV: 12    Int: 19    God:    Vehumet [***...]
Gold:   90         SH:  0    Dex: 14    Spells: 14/27 levels left

rFire    . . .     SeeInvis .   (no weapon)
rCold    . . .     Gourm    .   (no shield)
rNeg     . . .     Faith    .   a - +0 robe
rPois    .         Spirit   .   (helmet restricted)
rElec    .         Reflect  .   (no cloak)
rCorr    .         Harm     .   (no gloves)
MR       .....     NoTele   +   (boots unavailable)
Stlth    ++........             b - amulet of invisibility {+Inv}
HPRegen  0.16/turn              (no ring)
MPRegen  0.18/turn              (no ring)

@: no status effects
A: beak, talons 3, able to fly
a: Fly, Renounce Religion, Evoke Invisibility


You were in the Dungeon.
You worshipped Vehumet.
Vehumet was most pleased with you.
You were not hungry.

You visited 1 branch You collected 90 gold pieces.

Inventory:

Armour
 a - a +0 robe (worn)
Jewellery
 b - the amulet of invisibility (around neck) {+Inv}
   (You found it in the Dungeon)

   [amulet of nothing]

   It lets you turn invisible.
Scrolls
 i - a scroll of blinking
 j - a scroll of magic mapping {unknown}
Potions
 d - a potion of curing
 e - a potion of heal wounds
 f - a potion of haste
 g - 2 potions of magic
 h - a potion of berserk rage


   Skills:
 + Level 5.3 Fighting
 - Level 2.1 Dodging
 - Level 2.0 Stealth
 * Level 10.2 Spellcasting
 + Level 7.4 Conjurations
 * Level 14.1 Air Magic
 + Level 5.5 Evocations


You had 14 spell levels left.
You knew the following spells:

 Your Spells              Type           Power        Failure   Level  Hunger
a - Shock                 Conj/Air       ####         1%          1    None
b - Static Discharge      Conj/Air       ######..     1%          3    None
c - Airstrike             Air            ######....   1%          4    ##.....
d - Lightning Bolt        Conj/Air       ######....   1%          5    #####..

Your spell library contained the following spells:

 Spells                   Type           Power        Failure   Level  Hunger
 Mephitic Cloud           Conj/Pois/Air  #####...     1%          3    None
 Swiftness                Chrm/Air       #####...     1%          2    None


Dungeon Overview and Level Annotations

Branches:
Dungeon (1/1)

Altars:
Cheibriados
Dithmenos
Elyvilon
Gozag
Hepliaklqana
Kikubaaqudgha
Makhleb
Nemelex Xobeh
Okawaru
Qazlal
Ru
Sif Muna
Trog
Uskayaw
Vehumet
Wu Jian
Xom
Yredelemnul
Zin
The Shining One
Beogh
Jiyva
Lugonu

Shops:
D }%?[


Innate Abilities, Weirdness & Mutations

You have a beak for a mouth.
You have claws for feet.
You can fly continuously.


Message History

The air twists around and violently strikes the queen bee!!
You kill the queen bee!
Vehumet accepts your kill.
Vehumet is now aiding your destructive spells.
You feel your power returning.
Your Conjurations skill increases to level 7!
Your Air Magic skill increases to level 14!
You feel sick. The killer bee stings you!
* * * LOW HITPOINT WARNING * * *
The killer bee barely misses you. The killer bee stings you.
* * * LOW HITPOINT WARNING * * *
The killer bee misses you. The killer bee stings you.
* * * LOW HITPOINT WARNING * * *
Unknown command.
Unknown command.
You feel better. The killer bee closely misses you.
The killer bee completely misses you. The killer bee stings you!
* * * LOW HITPOINT WARNING * * *
The killer bee closely misses you. The killer bee stings you.
You die...

##############################
#<..P#.....#.....#.⌠._._._._.⌠
#PP..÷..÷..'.#((.'.._._._._._.
#PPPP#.....#.#...#..._._._._..
###############'##.._._._._._.
♣...†..yy@...#._._._._._.⌠
y....♣....y#...#############
... ♣..♣..###### + #+#####


You could see 3 killer bees.

Vanquished Creatures
  2 wandering mushrooms (D)
  A burning bush (D)
  A queen bee (D)
  2 scorpions (D)
  A killer bee (D)
  4 oklob saplings (D)
  A worker ant (D)
  2 spriggans (D)
  A river rat (D)
  A rat (D)
16 creatures vanquished.

Notes
Turn   | Place    | Note
-------+----------+-------------------------------------------
     0 | D        | Baz the Tengu Air Elementalist began the quest for the Orb.
     0 | D        | Reached XP level 1. HP: 10/10 MP: 4/4
    10 | D        | Reached skill level 5 in Air Magic
    10 | D        | Reached XP level 2. HP: 3/15 MP: 0/7
   257 | D        | Reached skill level 7 in Air Magic
   257 | D        | Reached XP level 3. HP: 19/19 MP: 4/9
   306 | D        | Learned a level 3 spell: Static Discharge
   306 | D        | Noticed an oklob sapling
   308 | D        | Killed an oklob sapling
   308 | D        | Reached skill level 5 in Spellcasting
   308 | D        | Reached XP level 4. HP: 21/24 MP: 3/12
   378 | D        | Found the amulet of invisibility {+Inv}
   394 | D        | Reached skill level 8 in Air Magic
   404 | D        | Found an opulent altar of Gozag.
   404 | D        | Found a hazy altar of Hepliaklqana.
   404 | D        | Found a burning altar of Makhleb.
   404 | D        | Found a roughly hewn altar of Beogh.
   404 | D        | Found a sparkling altar of Nemelex Xobeh.
   404 | D        | Found a snail-covered altar of Cheibriados.
   404 | D        | Found a sacrificial altar of Ru.
   404 | D        | Found a shimmering blue altar of Sif Muna.
   404 | D        | Found a shimmering altar of Xom.
   404 | D        | Found a basalt altar of Yredelemnul.
   491 | D        | Found a viscous altar of Jiyva.
   491 | D        | Found a bloodstained altar of Trog.
   491 | D        | Found an ornate altar of the Wu Jian Council.
   491 | D        | Noticed an oklob sapling priest
   492 | D        | Found an iron altar of Okawaru.
   492 | D        | Found a shadowy altar of Dithmenos.
   492 | D        | Found a glowing silver altar of Zin.
   493 | D        | Found an ancient bone altar of Kikubaaqudgha.
   493 | D        | Found a hide-covered altar of Uskayaw.
   494 | D        | Found a stormy altar of Qazlal.
   494 | D        | Found a white marble altar of Elyvilon.
   494 | D        | Found a glowing golden altar of the Shining One.
   495 | D        | Found a corrupted altar of Lugonu.
   495 | D        | Found a radiant altar of Vehumet.
   500 | D        | Killed an oklob sapling priest
   500 | D        | Reached skill level 9 in Air Magic
   500 | D        | Gained mutation: You can fly continuously. [Tengu growth]
   500 | D        | Reached XP level 5. HP: 27/28 MP: 2/15
   596 | D        | Learned a level 4 spell: Airstrike
   602 | D        | Learned a level 5 spell: Lightning Bolt
   607 | D        | Became a worshipper of Vehumet
   648 | D        | Reached skill level 10 in Air Magic
   775 | D        | Reached * piety under Vehumet
   775 | D        | Offered knowledge of Sandblast by Vehumet.
   775 | D        | Reached skill level 1 in Fighting
   775 | D        | Reached skill level 11 in Air Magic
   775 | D        | Reached skill level 1 in Evocations
   775 | D        | Reached XP level 6. HP: 27/34 MP: 8/17
   929 | D        | Found Cucyb's Food Shop.
   929 | D        | Found Pyamacvazxe's Gadget Emporium.
   940 | D        | Noticed a burning bush
   940 | D        | Noticed a wandering mushroom
   967 | D        | Killed a wandering mushroom
   967 | D        | Reached skill level 5 in Conjurations
   967 | D        | Reached skill level 12 in Air Magic
   967 | D        | Reached XP level 7. HP: 41/41 MP: 5/20
  1053 | D        | Noticed a wandering mushroom
  1065 | D        | Offered knowledge of Magic Dart by Vehumet.
  1065 | D        | Reached ** piety under Vehumet
  1191 | D        | Killed a wandering mushroom
  1191 | D        | Reached skill level 13 in Air Magic
  1339 | D        | HP: 2/44 [burning bush/puff of flame (11)]
  1645 | D        | Killed a burning bush
  1645 | D        | Reached skill level 5 in Evocations
  1645 | D        | Reached XP level 8. HP: 42/48 MP: 2/22
  1753 | D        | Found Qerrero's Armour Emporium.
  1753 | D        | Found Omewk's Magic Scroll Shoppe.
  1796 | D        | Noticed a queen bee
  1800 | D        | Offered knowledge of Mephitic Cloud by Vehumet.
  1800 | D        | Reached skill level 5 in Fighting
  1800 | D        | Reached skill level 10 in Spellcasting
  1807 | D        | Killed a queen bee
  1807 | D        | Reached *** piety under Vehumet
  1807 | D        | Reached skill level 14 in Air Magic
  1808 | D        | HP: 1/49 [killer bee (15)]
  1808 | D        | Slain by a killer bee

Levels and vault maps discovered:
D:        dungeon_sprint_fedhas [sprint_temple]

Skill      XL: |  1  2  3  4  5  6  7  8 |
---------------+-------------------------+-----
Spellcasting   | 3 4 5 6 7 8 9 10 | 10.2
Air Magic      | 5 7 9 11 12 13 14 | 14.1
Conjurations   | 2 5 6 7 |  7.4
Fighting       | 1 3 4 5 |  5.3
Evocations     | 1 3 5 |  5.5
Dodging        | |  2.1
Stealth        | |  2.0

Action                   |  1- 3 |  4- 6 |  7- 9 || total
-------------------------+-------+-------+-------++-------
Melee: Unarmed           |     3 |       |       ||     3
       Kick              |     2 |       |       ||     2
 Cast: Shock             |     7 |    13 |    13 ||    33
       Static Discharge  |     1 |    12 |     2 ||    15
       Airstrike         |       |       |    10 ||    10
 Abil: Evoke Invisibilit |       |     3 |       ||     3
  Use: Potion            |       |       |     1 ||     1
  Eat: Chunk             |       |     1 |       ||     1
       Ration            |       |       |     1 ||     1
Dodge: Dodged            |     1 |     1 |    11 ||    13
